 Dungeon Crawl Stone Soup version 0.31-a0-920-g28cbb04a8c (webtiles) character file.

Game seed: 9924190954640586677

40 Error4North the Ruffian (level 3, 0/28 HPs)
             Began as a Draconian Shapeshifter on Oct 17, 2023.
             Slain by a gnoll
             ... wielding a +0 quarterstaff
              (5 damage)
             ... on level 2 of the Dungeon on Oct 18, 2023.
             The game lasted 00:03:19 (1280 turns).

Error4North the Ruffian (Draconian Shapeshifter)    Turns: 1280, Time: 00:03:20

Health: 0/28       AC:  5    Str: 18    XL:     3   Next: 30%
Magic:  3/3        EV: 12    Int: 10    God:
Gold:   164        SH:  0    Dex: 10    Spells: 2/2 levels left

rFire   . .          .
                       - Unarmed
rCold   . . .        (no shield)
rNeg    . . .        (body armour unavailable)
rPois   .            (helmet currently unavailable)
rElec   .            (cloak currently unavailable)
rCorr   .            (gloves currently unavailable)
SInv    .            (boots currently unavailable)
Will    .....        (no amulet)
Stlth   +            (no ring)
HPRegen 0.24/turn    (no ring)
MPRegen 0.08/turn

%: no passive effects
@: beast-form
A: beast (slay +2), AC +5, unfitting armour, cold-blooded
a: Begin Untransformation


You were on level 2 of the Dungeon.
You were a hulking beast.
You visited 1 branch of the dungeon, and saw 2 of its levels.

You collected 164 gold pieces.

Inventory:

Missiles
 j - 3 datura-tipped darts
Talismans
 b - a beast talisman (active)
 c - a flux talisman
Scrolls
 d - a scroll of teleportation {unknown}
 e - a scroll of torment {unknown}
 g - a scroll of identify {unknown}
 h - a scroll of revelation {unknown}
 k - a scroll of blinking {unknown}
 m - a scroll of enchant armour {unknown}
Potions
 a - a potion of lignification
 f - 2 potions of resistance


   Skills:
 + Level 1.1 Fighting
 + Level 2.1 Dodging
 + Level 3.6 Unarmed Combat
 + Level 3.5 Shapeshifting


You had 2 spell levels left.
You didn't know any spells.
Your spell library contained the following spells:

 Spells                   Type           Power      Damage    Failure   Level
 Summon Small Mammal      Summ           0%         N/A       36%         1
 Call Canine Familiar     Summ           0%         N/A       75%         3
 Summon Guardian Golem    Hex/Summ       0%         N/A       75%         3


Dungeon Overview and Level Annotations

Branches:
Dungeon (2/15)

Altars:


Innate Abilities, Weirdness & Mutations

You are a hulking beast.
Your limbs bulge with bestial killing power. (Slay +2)
Your plain brown scales are hard. (AC +5)
You cannot fit into any form of body armour.
You are cold-blooded and may be slowed by cold attacks.


Message History

HP restored.
You open the door.
There is an open door here.
f - 2 potions of resistance (gained 1)
You open the door.
There is an open door here.
An endoplasm comes into view.
The endoplasm freezes you.
You are frozen.
You hit the endoplasm. You tail-slap the endoplasm.
You kill the endoplasm!
Found a stone staircase leading down.
There is a stone staircase leading down here.
A goblin comes into view. It is wielding a +0 club.
The goblin shouts!
The goblin barely misses you.
You punch the goblin!
You kill the goblin!
Things that are here:
a +0 club; a goblin corpse
There is an open door here.
There is an open door here.
You see here a bat skeleton.
Found a flail.
Found a spear.
Found a stone staircase leading up.
You see here a +0 spear.
There is a stone staircase leading up here.
You now have 164 gold pieces (gained 9).
A gnoll comes into view. It is wielding a +0 flail.
A gnoll comes into view. It is wielding a +0 quarterstaff.
You see here a +0 flail.
A gnoll comes into view. It is wielding a +0 flail.
The gnoll misses you. The gnoll attacks as it pursues you!
The gnoll hits you with a +0 flail!
You see here a +0 flail.
The gnoll attacks as it pursues you! The gnoll hits you with a +0 flail.
The gnoll attacks as it pursues you! The gnoll hits you with a +0 flail!
* * * LOW HITPOINT WARNING * * *
The gnoll hits you with a +0 quarterstaff.
You die...

#.## ##.......##
#. #..##
##.......## #.
#.#.###.#####.##
##. ######
#....#..# #.# #..
.....# #####.###
#.# #.# ####.#
#.<...# #+ #.#
..##.# ####)###.#
#.# #.##.# #....#
#.# #.# #.##.#
#.##.###h# #..
.....####.#....g.#
####..
..........g...)g.+
+.....
#.###.........####
####.. #.#
#.#.#.##..# ##.
#.# #.#.#.###.# ##
#.# #.#.#.# #.# #
#.# #.#.#.# #.#
#+#### # #.#
#.#.#.# #.#
######....# #


You could see 3 gnolls.

Vanquished Creatures
  A gnoll (D:2)
  6 ball pythons (D:1)
  5 endoplasms
  A giant cockroach (D:2)
  3 hobgoblins
  2 jackals (D:1)
  A bat (D:2)
  A frilled lizard (D:1)
  3 goblins
  3 kobolds
  4 rats
30 creatures vanquished.

Notes
Turn   | Place    | Note
-------+----------+-------------------------------------------
     0 | D:1      | Error4North the Draconian Shapeshifter began the quest for
                  | the Orb.
     0 | D:1      | Reached XP level 1. HP: 16/16 MP: 1/1
    88 | D:1      | Reached XP level 2. HP: 22/23 MP: 2/2
   973 | D:2      | Reached XP level 3. HP: 6/28 MP: 3/3
  1280 | D:2      | Slain by a gnoll

Illustrated notes

Levels and vault maps discovered:
D:1:      dpeg_arrival_line_fractal, layout_rooms, minmay_pentomino_w2
D:2:      layout_loops_corners

Skill      XL: |  1  2 |
---------------+-------+-----
Dodging        | 2 |  2.1
Fighting       | |  1.1
Unarmed Combat | |  3.6
Shapeshifting  | |  3.5

Action                     || total
---------------------------++-------
  Melee: Unarmed           ||    55
         Tailslap          ||    10
    Use: Potion            ||     2
 Armour: Skin              ||    27
  Dodge: Dodged            ||    44

Table legend: (Time is in decaauts)
 A = Elapsed time spent in this place.
 B = Non-inter-level travel time spent in this place.
 C = Inter-level travel time spent in this place.
 D = Time resting spent in this place.
 E = Time spent auto-exploring this place.
 F = Levels seen in this place.
 G = Mean time per level.
                   A        B        C        D        E       F      G
               +--------+--------+--------+--------+--------+-----+--------+
         Total |   1279 |   1268 |     11 |     78 |    930 |   2 |  639.5 |
       Dungeon |   1279 |   1268 |     11 |     78 |    930 |   2 |  639.5 |
               +--------+--------+--------+--------+--------+-----+--------+

Top non-repeatable levels by time:
     D:2: 774 daAuts
     D:1: 505 daAuts
